 Dungeon Crawl Stone Soup version 0.28-b1-25-g9875b3fc8c (webtiles) character file.

Game seed: 12846685192817599081

118433 Armakuni the Warrior (level 17, -5/142 HPs)
             Began as a Human Wanderer on Feb 5, 2022.
             Was an Initiate of Gozag.
             Killed from afar by an ice dragon (51 damage)
             ... with a blast of cold
             ... on level 4 of the Swamp on Feb 6, 2022.
             The game lasted 01:42:51 (32448 turns).

Armakuni the Warrior (Human Wanderer)              Turns: 32448, Time: 01:42:52

Health: -5/142     AC: 31    Str: 15    XL:     17   Next: 31%
Magic:  26/26      EV: 16    Int: 27    God:    Gozag
Gold:   2996       SH:  0    Dex: 11    Spells: 9/28 levels left

rFire   + . .      SeeInvis +   a - +2 demon blade (venom)
rCold   . . .      Faith    .   (no shield)
rNeg    + . .      Spirit   .   G - +7 fire dragon scales
rPois   +          Reflect  .   g - +2 helmet {SInv}
rElec   .          Harm     .   e - +2 ratskin cloak {*Rats rPois rN+ Str-1 Int-1 Dex+1}
rCorr   .          Rampage  .   F - +0 pair of gloves of the Cobbler {Will+ Stlth+}
Will    ++++.                   K - +2 pair of boots
Stlth   +.........              R - amulet "Neosisas" {Contam rF- Will++ Regen+ Int+8}
HPRegen 1.13/turn               J - ring of protection from cold
MPRegen 0.20/turn               E - +4 ring of evasion

@: gold aura
A: no striking features
a: Renounce Religion, Potion Petition, Call Merchant, Bribe Branch


You were on level 4 of the Swamp.
You worshipped Gozag.
Gozag was most pleased with you.
You visited 5 branches of the dungeon, and saw 28 of its levels.
You also visited: Ice Cave.

You collected 10700 gold pieces.
You spent 4528 gold pieces at shops.
You paid 3176 gold pieces to Gozag.

Inventory:

Hand Weapons
 a - a +2 demon blade of venom (weapon)
 b - a +1 great sword of flaming
Missiles
 z - 7 curare-tipped darts
Armour
 e - the +2 ratskin cloak (worn) {*Rats rPois rN+ Str-1 Int-1 Dex+1}
   (You bought it in a shop on level 1 of the Lair of Beasts)

   When the wearer is hurt, rats may emerge from it to assist them.
   Str:       It affects your strength (-1).
   Int:       It affects your intelligence (-1).
   Dex:       It affects your dexterity (+1).
   rPois:     It protects you from poison.
   rN:        It protects you from negative energy.
 g - a +2 helmet of see invisible (worn)
 r - a +0 cloak of cold resistance
 t - the +3 scale mail of Unambiguity {+Blink SInv}
   (You bought it in a shop on level 6 of the Dungeon)

   SInv:      It lets you see invisible.
   +Blink:    It lets you blink.
 C - the +1 pair of gloves "Jommeg" {Int+9 Dex-5}
   (You found it on level 9 of the Dungeon)

   Int:       It affects your intelligence (+9).
   Dex:       It affects your dexterity (-5).
 F - the +0 pair of gloves of the Cobbler (worn) {Will+ Stlth+}
   (You bought it in a shop on level 4 of the Dungeon)

   Will:      It increases your willpower.
   Stlth:     It makes you more stealthy.
 G - +7 fire dragon scales (worn)
 K - a +2 pair of boots (worn)
 M - a +0 kite shield of cold resistance
Jewellery
 E - a +4 ring of evasion (right hand)
 J - a ring of protection from cold (left hand)
 R - the amulet "Neosisas" (around neck) {Contam rF- Will++ Regen+ Int+8}
   (You found it in an ice cave)

   [amulet of regeneration]

   Int:       It affects your intelligence (+8).
   rF:        It makes you vulnerable to fire.
   Contam:    It causes magical contamination when unequipped.
   Regen:     It increases your rate of health regeneration.
   Will:      It greatly increases your willpower.
Wands
 m - a wand of mindburst (5)
 p - a wand of polymorph (12)
 v - a wand of flame (14) (quivered)
 I - a wand of iceblast (21)
 Q - a wand of paralysis (4)
Scrolls
 d - 3 scrolls of fog
 h - 2 scrolls of noise
 i - 4 scrolls of immolation
 j - 9 scrolls of teleportation
 x - 4 scrolls of identify
 y - a scroll of fear
 B - 2 scrolls of vulnerability
 D - 2 scrolls of magic mapping
 N - 2 scrolls of brand weapon
 S - a scroll of blinking
Potions
 f - 3 potions of resistance
 k - 6 potions of lignification
 l - a potion of might
 n - 4 potions of haste
 o - 2 potions of cancellation
 q - 3 potions of mutation
 s - a potion of ambrosia
 u - 2 potions of flight
 H - 5 potions of curing
 L - 2 potions of brilliance
 O - a potion of experience
 P - a potion of berserk rage
Miscellaneous
 w - a box of beasts (inert)
 A - a phantom mirror (inert)


   Skills:
 - Level 15.0 Fighting
 - Level 7.0(11.0) Short Blades
 - Level 13.3(14.0) Long Blades
 - Level 12.2 Armour
 - Level 10.6 Dodging
 - Level 6.0 Spellcasting
 + Level 4.4 Conjurations
 - Level 1.4 Summonings
 - Level 4.8 Transmutations
 - Level 14.3 Ice Magic
 - Level 3.0 Poison Magic
 - Level 5.0 Evocations


You had 9 spell levels left.
You knew the following spells:

 Your Spells              Type           Power      Damage    Failure   Level
m - Iskenderun's Mystic   Conj/Tloc      20%        2d6       67%         4
o - Ozocubu's Armour      Ice            72%        N/A       1%          3
p - Monstrous Menagerie   Summ           8%         N/A       100%        7
r - Frozen Ramparts       Ice            100%       1d12      1%          3
w - Wereblood             Tmut           34%        N/A       4%          2

Your spell library contained the following spells:

 Spells                   Type           Power      Damage    Failure   Level
 Freeze                   Ice            100%       1d11      1%          1
 Beastly Appendage        Tmut           68%        N/A       3%          1
 Magic Dart               Conj           100%       1d8       3%          1
 Sting                    Tmut/Pois      100%       1d8       4%          1
 Hailstorm                Conj/Ice       56%        3d12      4%          4
 Summon Ice Beast         Ice/Summ       50%        N/A       9%          4
 Shock                    Conj/Air       80%        1d8       10%         1
 Passwall                 Tmut/Erth      17%        N/A       13%         2
 Spider Form              Tmut/Pois      29%        N/A       14%         3
 Call Imp                 Summ           16%        N/A       19%         2
 Poisonous Vapours        Pois/Air       32%        N/A       19%         2
 Animate Skeleton         Necr           16%        N/A       22%         1
 Pain                     Necr           32%        1d5       22%         1
 Sandblast                Erth           16%        2d6       22%         1
 Ignite Poison            Fire/Tmut/Pois 22%        N/A       24%         3
 Mephitic Cloud           Conj/Pois/Air  21%        N/A       26%         3
 Stone Arrow              Conj/Erth      40%        3d9       28%         3
 Metabolic Englaciation   Hex/Ice        23%        N/A       32%         5
 Corpse Rot               Necr/Air       16%        N/A       34%         2
 Freezing Cloud           Conj/Ice/Air   20%        6-21      43%         5
 Olgreb's Toxic Radiance  Pois           24%        N/A       54%         4
 Swiftness                Air            8%         N/A       56%         3
 Fulminant Prism          Conj/Hex       10%        3d9       67%         4
 Iskenderun's Battlesphe  Conj           32%        2d8       71%         5
 Simulacrum               Ice/Necr       23%        N/A       88%         6
 Airstrike                Air            4%         N/A       92%         4
 Cause Fear               Hex            4%         N/A       92%         4
 Fireball                 Conj/Fire      10%        3d6       95%         5
 Lee's Rapid Deconstruct  Erth           4%         3d6*      99%         5
 Conjure Ball Lightning   Conj/Air       10%        3x3d6     100%        6
 Dragon Form              Tmut           17%        N/A       100%        7
 Orb of Destruction       Conj           16%        9d7       100%        7
 Borgnjor's Revivificati  Necr           4%         N/A       100%        8
 Necromutation            Tmut/Necr      10%        N/A       100%        8
 Death's Door             Necr           4%         N/A       100%        9
 Dragon's Call            Summ           8%         N/A       100%        9


Dungeon Overview and Level Annotations

Branches:
Dungeon (15/15)            Temple (1/1) D:4            Lair (6/6) D:11
  Swamp (4/4) Lair:4        Snake (0/4) Lair:4        Slime (0/5) Lair:5
    Orc (2/2) D:11            Elf (0/3) Orc:2        Vaults (0/5) D:13
 Depths (0/4) D:15          IceCv (visited)

Altars:
Ashenzari
Cheibriados
Dithmenos
Elyvilon
Fedhas
Gozag
Hepliaklqana
Kikubaaqudgha
Makhleb
Nemelex Xobeh
Okawaru
Qazlal
Ru
Sif Muna
Trog
Uskayaw
Vehumet
Wu Jian
Xom
Yredelemnul
Zin
The Shining One
Jiyva

Shops:
D:4 [   D:5 *   D:6 *   D:10 (   Orc:1 *   Orc:2 *(((=   Lair:1 ([

Annotations:
Lair:5 exclusion: oklob plant


Message History

The ice dragon is almost dead.
The ice dragon bites you but does no damage.
The ice dragon claws you but does no damage.
The ice dragon barely misses you.
The ice dragon bites you but does no damage.
The ice dragon misses you. x2
You hit the ice dragon.
The ice dragon is almost dead.
Your hell rat bites the ice dragon!
The ice dragon breathes frost at you. The blast of cold hits you!!!
You slash the ice dragon!
You kill the ice dragon!
You hit the ice dragon.
The ice dragon is lightly wounded.
The ice dragon bites you but does no damage.
The ice dragon barely misses you.
The ice dragon tramples you but does no damage.
The seven-headed hydra simulacrum bites your hell rat!
The seven-headed hydra simulacrum freezes your hell rat!!
Your hell rat dies!
You slice the ice dragon!!
The ice dragon is poisoned.
The ice dragon is moderately wounded.
You slash the ice dragon!
The ice dragon looks as sick as possible!
The ice dragon is heavily wounded.
The ice dragon barely misses you. The ice dragon misses you.
The ice dragon tramples you!
You stumble backwards!
You hit the ice dragon but do no damage.
The ice dragon is heavily wounded.
The ice dragon bites you but does no damage.
The ice dragon claws you but does no damage.
The ice dragon completely misses you.
You hit the ice dragon but do no damage.
The ice dragon is severely wounded.
Okay, then.
The ice dragon breathes frost at you. The blast of cold hits you!!!
You die...
Your body crumbles into a pile of gold.

.≈≈≈.≈≈ .≈≈.≈
♣♣♣♣♣♣ $$≈ ♣≈≈≈≈♣♣♣
#$♣# ≈≈≈≈≈≈≈♣♣
#.Z## ≈≈.≈≈≈≈≈♣♣
##..## ..♣..≈≈≈≈♣♣
##DZ# ..♣♣..≈≈≈≈♣
#..# ≈.♣♣♣..≈≈♣♣
#@.# .♣♣♣♣.≈≈♣♣
#♣..#
≈≈♣♣.♣♣♣♣♣♣♣♣##..##
≈≈♣♣.♣♣ ♣♣≈≈♣#..###
≈.♣♣♣.♣♣♣≈≈≈♣##...#
≈.♣ ♣♣.♣≈≈≈♣ ##.♣##
≈≈♣♣♣♣♣..≈≈♣♣#..##
...≈♣♣♣♣..≈≈♣##..#
≈≈≈≈≈♣♣♣♣..♣♣ #..#


You could see an ice dragon (extremely poisoned, catching breath), a
seven-headed hydra simulacrum and a four-headed hydra simulacrum.

Vanquished Creatures
  Gastronok (D:8)
  A thorn hunter (Swamp:2)
  Donald (Swamp:3)
  2 azure jellies (Swamp:4)
  An orc warlord (Orc:1)
  7 eleionomae
  3 bunyips
  Josephine (D:10)
  The ghost of GrimJard the Destroyer, a journeyman DrCj of the Shining One (Lair:1)
  An ice dragon (Swamp:4)
  7 hydras
  A spriggan air mage (Swamp:3)
  A boulder beetle (D:11)
  3 two-headed ogres
  3 centaur warriors
  11 alligators
  Urug (Orc:2)
  5 orc high priests
  Nergalle (D:11)
  3 goliath frogs
  A skeletal warrior (D:13)
  5 spriggan druids
  3 bog bodies
  A deep elf archer (D:13)
  4 swamp dragons
  4 deep elf pyromancers
  7 orc knights
  A lindwurm (Lair:5)
  2 deep elf zephyrmancers (D:13)
  2 manticores
  An orc sorcerer (Orc:1)
  4 ugly things
  4 cyclopes
  A salamander (D:15)
  An ice statue (IceCv)
  5 centaur zombies
  2 elephants (Lair:4)
  5 black mambas
  A cane toad (Lair:6)
  A kobold demonologist (D:10)
  7 komodo dragons
  An efreet (D:15)
  5 freezing wraiths
  An unseen horror (D:7)
  2 ice devils (IceCv)
  11 tyrant leeches
  2 polar bears
  3 meliai (D:14)
  5 hornets
  11 trolls
  4 slime creatures
  9 dream sheep
  22 blink frogs
  A shadow (D:10)
  Sigmund (D:3)
  7 spriggans
  79 yaks
  10 wraiths
  2 basilisks
  3 wyverns
  2 steam dragons
  4 swamp worm simulacra (Swamp:4)
  8 vampire mosquitoes
  15 swamp worms
  4 wargs
  3 death yak simulacra
  2 nagas (Lair:4)
  9 hydra simulacra (Swamp:4)
  2 acid dragons
  9 water moccasins
  A sky beast (D:5)
  Pargi (D:3)
  55 orc warriors
  A black bear (D:4)
  2 ice beasts
  3 swamp drakes
  7 ogres
  5 boggarts (D:15)
  5 centaurs
  17 wolves
  7 kobold brigands
  7 gnoll sergeants
  6 bullfrogs
  A scorpion (D:6)
  3 cane toad simulacra (IceCv)
  4 two-headed ogre simulacra (IceCv)
  An elephant simulacrum (IceCv)
  8 killer bees
  4 howler monkeys
  3 electric eels (D:11)
  A jelly (D:4)
  A bullfrog zombie (D:7)
  37 orc priests
  Crazy Yiuf (D:5)
  A bullfrog skeleton (D:6)
  A gnoll shaman (D:4)
  10 hounds
  3 centaur skeletons
  2 iguanas
  Natasha (thrice) (D:2)
  20 orc wizards
  2 spriggan simulacra (IceCv)
  4 hell rats (Lair:3)
  A polar bear simulacrum (IceCv)
  Terence (D:2)
  5 wolf simulacra (IceCv)
  4 troll simulacra (IceCv)
  A hound skeleton (D:5)
  A howler monkey zombie (D:5)
  22 gnolls
  10 naga simulacra (IceCv)
  7 adders
  A shadow imp (D:8)
  9 white imps
  4 ufetubi (IceCv)
  2 swamp drake simulacra (Swamp:4)
  An adder skeleton (D:5)
  5 worms
  6 dart slugs
  95 orcs
  10 endoplasms
  3 giant cockroaches
  4 goblins
  8 hobgoblins
  3 jackals
  A quokka (D:1)
  9 ball pythons
  9 bats
  3 frilled lizards
  8 kobolds
  4 rats
818 creatures vanquished.

Vanquished Creatures (collateral kills)
  A thorn hunter (Swamp:2)
  A dire elephant (D:15)
  2 boulder beetles
  3 hydras
  An alligator (Swamp:3)
  A bog body (Swamp:2)
  2 centaur skeletons (D:13)
  A hornet (Swamp:2)
  A blink frog (Lair:6)
  2 slime creatures (D:13)
  A spriggan (Swamp:2)
  2 basilisks
  A death yak simulacrum (Lair:4)
  A swamp worm simulacrum (Swamp:4)
  2 vampire mosquitoes (Swamp:2)
  A swamp worm (Swamp:2)
  An orc warrior (Orc:2)
  A bullfrog (Lair:3)
  A cane toad simulacrum (Lair:4)
  2 hell rats (Lair:3)
  A swamp drake simulacrum (Swamp:4)
  4 orcs
  A quokka skeleton (D:4)
34 creatures vanquished.

Vanquished Creatures (others)
  2 bloated husks (Swamp:2)
  9 fungi
  6 plants
17 creatures vanquished.

Grand Total: 869 creatures vanquished

Notes
Turn   | Place    | Note
-------+----------+-------------------------------------------
     0 | D:1      | Armakuni the Human Wanderer began the quest for the Orb.
     0 | D:1      | Armakuni set off with the following items: a +0 club, a +0
                  | robe, a piece from Xom's chessboard (15/15); and the
                  | following spells available to memorise: Sting, Animate
                  | Skeleton, Magic Dart, Pain, Call Imp, Spider Form
     0 | D:1      | Reached XP level 1. HP: 13/13 MP: 5/5
     3 | D:1      | Learned a level 1 spell: Sting
   264 | D:1      | Reached skill level 1 in Transmutations
   334 | D:1      | Reached XP level 2. HP: 19/19 MP: 1/7
  1000 | D:1      | Reached XP level 3. HP: 24/24 MP: 6/8
  1459 | D:2      | Noticed Natasha
  1524 | D:2      | Killed Natasha
  1525 | D:2      | Reached XP level 4. HP: 20/30 MP: 3/10
  1583 | D:2      | Learned a level 3 spell: Spider Form
  2141 | D:2      | Reached XP level 5. HP: 34/36 MP: 9/11
  2141 | D:2      | Noticed Natasha
  2148 | D:2      | Killed Natasha
  2149 | D:2      | Reached skill level 1 in Fighting
  2159 | D:2      | Noticed Natasha
  2170 | D:2      | Killed Natasha
  2635 | D:2      | Reached XP level 6. HP: 39/44 MP: 8/12
  2737 | D:2      | Noticed Terence
  2746 | D:2      | Killed Terence
  2747 | D:2      | Reached skill level 2 in Fighting
  2962 | D:2      | Found a faded altar of an unknown god.
  3380 | D:3      | Identified a scroll of acquirement
  3380 | D:3      | Acquired 783 gold pieces
  3511 | D:3      | Noticed Pargi
  3537 | D:3      | Killed Pargi
  3820 | D:3      | Noticed Sigmund
  3835 | D:3      | Killed Sigmund
  3836 | D:3      | Reached skill level 3 in Fighting
  3836 | D:3      | Reached XP level 7. HP: 40/52 MP: 10/13
  4110 | D:4      | You fall into a shaft and drop 2 floors!
  4179 | D:5      | Entered Level 5 of the Dungeon
  4204 | D:5      | Found Ytheimax's General Store.
  4416 | D:4      | Found a staircase to the Ecumenical Temple.
  4423 | Temple   | Entered the Ecumenical Temple
  4724 | Temple   | Became a worshipper of Gozag Ym Sagoz the Greedy
  4796 | D:4      | Bought a pair of faintly glowing gloves for 218 gold pieces
  4796 | D:4      | Identified the +0 pair of gloves of the Cobbler {Will+
                  | Stlth+} (You bought it in a shop on level 4 of the Dungeon)
  4849 | D:4      | Reached skill level 1 in Armour
  5030 | D:4      | Reached XP level 8. HP: 57/59 MP: 11/14
  5399 | D:4      | Bought a glowing helmet for 172 gold pieces
  5647 | D:5      | Reached skill level 5 in Armour
  5647 | D:5      | Reached skill level 4 in Fighting
  5680 | D:5      | Reached skill level 5 in Fighting
  5680 | D:5      | Reached skill level 5 in Dodging
  5680 | D:5      | Reached XP level 9. HP: 68/68 MP: 15/15
  6255 | D:5      | Found a runed translucent door.
  6256 | D:5      | Noticed Crazy Yiuf
  6275 | D:5      | Killed Crazy Yiuf
  6637 | D:6      | Reached skill level 5 in Evocations
  6669 | D:6      | Reached skill level 1 in Short Blades
  6913 | D:6      | Found Dasog's Assorted Antiques.
  6923 | D:6      | Bought a distressingly furry scale mail for 243 gold pieces
  6923 | D:6      | Identified the +3 scale mail of Unambiguity {+Blink SInv}
                  | (You bought it in a shop on level 6 of the Dungeon)
  7402 | D:7      | Found a radiant altar of Vehumet.
  7403 | D:7      | Found a shimmering altar of Xom.
  7403 | D:7      | Found a hazy altar of Hepliaklqana.
  7403 | D:7      | Found a sparkling altar of Nemelex Xobeh.
  7630 | D:7      | Noticed a brown ugly thing
  7630 | D:7      | Noticed a purple ugly thing
  7630 | D:7      | Noticed a brown ugly thing
  7631 | D:7      | Noticed a two-headed ogre
  7668 | D:7      | Killed a purple ugly thing
  7669 | D:7      | Reached skill level 6 in Fighting
  7669 | D:7      | Reached XP level 10. HP: 77/77 MP: 16/16
  7693 | D:7      | Killed a purple ugly thing
  7694 | D:7      | Reached skill level 7 in Fighting
  7741 | D:7      | Reached skill level 8 in Fighting
  8065 | D:7      | Reached skill level 9 in Fighting
  8130 | D:7      | Noticed an unseen horror
  8255 | D:7      | Identified the +8 rapier "Lafash" {vorpal, rPois rF++ Will-
                  | rCorr}
  8269 | D:7      | Got the Catalogue of Creative Ice
  8281 | D:7      | Learned a level 2 spell: Wereblood
  8320 | D:7      | Killed an unseen horror
  8329 | D:7      | Killed a two-headed ogre
  8330 | D:7      | Reached skill level 5 in Short Blades
  8424 | D:7      | Killed a purple ugly thing
  8425 | D:7      | Reached skill level 10 in Fighting
  8995 | D:8      | Noticed Gastronok
  9108 | D:8      | Reached XP level 11. HP: 91/91 MP: 17/17
  9272 | D:8      | Killed Gastronok
  9273 | D:8      | Reached skill level 11 in Fighting
  9429 | D:8      | Noticed a two-headed ogre
  9455 | D:8      | Killed a two-headed ogre
  9456 | D:8      | Reached skill level 12 in Fighting
 10593 | D:9      | Identified the +1 pair of gloves "Jommeg" {Int+9 Dex-5}
 10619 | D:9      | Learned a level 7 spell: Monstrous Menagerie
 10623 | D:9      | Found a burning altar of Makhleb.
 10633 | D:9      | Found an iron altar of Okawaru.
 10700 | D:10     | Entered Level 10 of the Dungeon
 10951 | D:10     | Noticed Josephine
 10976 | D:10     | Reached skill level 13 in Fighting
 11011 | D:10     | Killed Josephine
 11043 | D:10     | Reached XP level 12. HP: 85/106 MP: 18/18
 11213 | D:10     | Reached skill level 14 in Fighting
 11911 | D:11     | Reached skill level 15 in Fighting
 11977 | D:11     | Noticed a boulder beetle
 12064 | D:11     | Killed a boulder beetle
 12154 | D:11     | Found a staircase to the Lair.
 12154 | D:11     | Noticed Nergalle
 12167 | D:11     | Killed Nergalle
 12702 | D:11     | Found a staircase to the Orcish Mines.
 13488 | Orc:1    | Entered Level 1 of the Orcish Mines
 13591 | Orc:1    | Reached XP level 13. HP: 105/115 MP: 14/19
 13980 | Orc:1    | Noticed an orc warlord
 14008 | Orc:1    | Killed an orc warlord
 14009 | Orc:1    | Reached skill level 10 in Dodging
 14378 | Orc:1    | Found Rigauf's General Store.
 14387 | Orc:1    | Bought the amulet of Vitality {Regen+ HP+15} for 1027 gold
                  | pieces
 14387 | Orc:1    | Found the amulet of Vitality {Regen+ HP+15}
 14498 | Orc:2    | Entered Level 2 of the Orcish Mines
 14524 | Orc:2    | Noticed Urug
 14554 | Orc:2    | Killed Urug
 14929 | Orc:2    | Found Gopok's General Store.
 14940 | Orc:2    | Bought a box of beasts for 520 gold pieces
 15002 | Orc:2    | Found a staircase to the Elven Halls.
 17304 | Orc:2    | Reached skill level 10 in Armour
 17438 | Orc:2    | Found Cuvuucse's Weapon Shoppe.
 17438 | Orc:2    | Found Qoseofof's Weapon Shoppe.
 17439 | Orc:2    | Found Pieluom's Jewellery Shoppe.
 17439 | Orc:2    | Found Jeiwusuu's Weapon Emporium.
 17698 | Lair:1   | Entered Level 1 of the Lair of Beasts
 17732 | D:11     | Reached XP level 14. HP: 123/123 MP: 20/20
 17875 | Lair:1   | Found a bloodstained altar of Trog.
 17907 | Lair:1   | Found a runed translucent door.
 17965 | Lair:1   | Noticed GrimJard's ghost (journeyman DrCj)
 18256 | Lair:1   | Bought the +2 ratskin cloak {*Rats rPois rN+ Str-1 Int-1
                  | Dex+1} for 389 gold pieces
 18256 | Lair:1   | Found the +2 ratskin cloak {*Rats rPois rN+ Str-1 Int-1
                  | Dex+1}
 18959 | Lair:1   | Killed GrimJard's ghost
 19567 | Lair:2   | Identified the +2 leather armour of the Griffon {Str+5}
 20070 | Lair:3   | Reached skill level 1 in Long Blades
 20070 | Lair:3   | Reached skill level 1 in Summonings
 20264 | Lair:1   | Bought a +2 demon blade of venom for 510 gold pieces
 20419 | Lair:3   | Learned a level 3 spell: Ozocubu's Armour
 20519 | Lair:3   | Reached skill level 1 in Ice Magic
 20839 | Lair:3   | Learned a level 3 spell: Frozen Ramparts
 20992 | Lair:4   | Found a frozen archway.
 21024 | IceCv    | Entered an ice cave
 21544 | IceCv    | Identified the amulet "Neosisas" {Contam rF- Will++ Regen+
                  | Int+8}
 22021 | Lair:4   | Reached skill level 5 in Long Blades
 22353 | Lair:4   | You fall into a shaft and drop 2 floors!
 22353 | Lair:6   | Entered Level 6 of the Lair of Beasts
 22409 | Lair:6   | Reached XP level 15. HP: 129/129 MP: 21/21
 22786 | Lair:5   | Found a viscous altar of Jiyva.
 22786 | Lair:5   | Found a staircase to the Slime Pits.
 23124 | Lair:4   | Found a staircase to the Snake Pit.
 23466 | Lair:4   | Found a staircase to the Swamp.
 23477 | Lair:4   | Reached skill level 10 in Long Blades
 24158 | D:4      | Bought glowing fire dragon scales for 1449 gold pieces
 25539 | D:13     | Noticed Sonja
 25540 | D:13     | Noticed Sonja
 25540 | D:13     | Sonja changed into Sonja the warg
 25548 | D:13     | Killed Sonja the warg
 25559 | D:13     | Identified the +5 dagger of Goen {flame, rElec rF- Will+
                  | Stlth+}
 25737 | D:13     | Found a gate to the Vaults.
 25967 | D:13     | Found a sacrificial altar of Ru.
 26548 | D:14     | Found a sparkling altar of Nemelex Xobeh.
 27319 | D:15     | Entered Level 15 of the Dungeon
 27623 | D:15     | Reached XP level 16. HP: 123/136 MP: 22/22
 28255 | D:15     | Found a staircase to the Depths.
 28655 | Swamp:1  | Entered Level 1 of the Swamp
 28767 | Swamp:1  | Learned a level 4 spell: Iskenderun's Mystic Blast
 28962 | Swamp:1  | Identified the +9 dagger of Incongruity {freeze, MP-9
                  | Str+4}
 29087 | Swamp:1  | Reached skill level 5 in Ice Magic
 29094 | Swamp:1  | Reached skill level 5 in Spellcasting
 29431 | Swamp:2  | Noticed a thorn hunter
 29509 | Swamp:2  | Killed a thorn hunter
 29654 | Swamp:2  | Noticed a thorn hunter
 29676 | Swamp:2  | Killed a thorn hunter
 30473 | Swamp:3  | Noticed Donald
 30483 | Swamp:3  | Reached skill level 10 in Ice Magic
 30488 | Swamp:3  | Killed Donald
 31170 | Swamp:4  | Entered Level 4 of the Swamp
 31507 | Swamp:4  | Reached XP level 17. HP: 120/142 MP: 26/26
 32086 | Swamp:4  | Reached skill level 1 in Conjurations
 32448 | Swamp:4  | Killed from afar by an ice dragon

Illustrated notes

Levels and vault maps discovered:
D:1:      saegor_arrival_simple_b, layout_basic, st_stairs_11
D:2:      minmay_spotlight, layout_basic, basic_ecumenical_altar, uniq_natasha,
          uniq_terence
D:3:      layout_loops_ring, nicolae_wormholes, uniq_pargi, uniq_sigmund
D:4:      layout_basic, minmay_temple_entry_butterflies, serial_glass,
          glass_columns_a, glass_columns_a, glass_columns_a, glass_columns_b,
          glass_columns_c, glass_columns_b, glass_columns_a, glass_columns_a,
          minmay_crystal_room
D:5:      layout_basic, serial_shops, shop_fountains, uniq_crazy_yiuf_cottage
D:6:      layout_basic, serial_shops, nicolae_shop_overgrown_old_shop
D:7:      minmay_the_grid_octo_triangle [minmay_the_grid_octo_77,
          minmay_the_grid_octo_prize_big_c, minmay_the_grid_octo_shrine],
          layout_loops_corners, chequers_serial_rivers_room_a
D:8:      layout_basic, uniq_gastronok
D:9:      layout_irregular_city, mainiacjoe_overflow_large_starburst,
          skrybe_limestone_x
D:10:     layout_roguey [special_room_orc], uniq_josephine
D:11:     layout_stronghold, erik_lair_island,
          kennysheep_orc_monster_closet_entryway, uniq_nergalle
D:12:     layout_stronghold
D:13:     layout_irregular_city, hangedman_vaults_entry_quadrant_bands,
          nicolae_ru_great_annihilating_truth, uniq_sonja
D:14:     layout_cave_pods, nemelex_xobeh_ov_fountains_minmay,
          kennysheep_small_circle
D:15:     hangedman_depths_entry_try_elsewhere_first, layout_stronghold,
          minmay_misc_feat_chi
Temple:   mainiacjoe_temple_cubbyholes
Lair:1:   layout_small_grid, hellmonk_ghost_happy_afterlife, basic_altar,
          grunt_megastairs_5, infiniplex_staircase_pool, serial_bayou_shore_b,
          lemuel_fruit_fields, lemuel_fruit_fields, lemuel_fruit_tree
Lair:2:   layout_chaotic_city, serial_rivers, chequers_serial_rivers_small_3,
          chequers_serial_rivers_micro_a, chequers_serial_rivers_micro_a,
          chequers_serial_rivers_marsh, guppyfry_lair_drakes
Lair:3:   layout_roguey, grunt_megastairs_1
Lair:4:   layout_gridlike, minmay_swamp_entry_worms,
          guppyfry_snake_entry_island, portal_ice_cave_entry_ice_simulacra,
          mumra_transporter_accident, beast_lair_carwin_6, serial_bayou_shore_b
Lair:5:   layout_gridlike, dpeg_slime_entry_enclosed_altar,
          minmay_lair_oklob_bushes, serial_bayou_shore_a
Lair:6:   grunt_lair_end_beastmaster, layout_long_grid, serial_bayou_shore_b,
          grunt_megastairs_4
Swamp:1:  layout_falls_marsh, evilmike_swamp_ruin_rubble_2
Swamp:2:  layout_basic_swamp, evilmike_swamp_ruin_house_5
Swamp:3:  layout_basic_swamp, evilmike_swamp_ruin_house_6, uniq_donald
Swamp:4:  swamp_icy, layout_basic_swamp, swamp_pool3
Orc:1:    layout_caves, serial_shops, nicolae_lakefront_shop
Orc:2:    st_orc_pillars, layout_caves, serial_shops, nicolae_diamond_shop,
          nicolae_orc_pool_cavern, uniq_urug

Skill      XL: |  1  2  3  4  5  6  7  8  9 10 11 12 13 14 15 16 17 |
---------------+----------------------------------------------------+-----
Transmutations | 1 2 3 4 |  4.8
Poison Magic   | 3 |  3.0
Fighting       | 1 3 5 6 10 13 15 | 15.0
Dodging        | 2 3 5 9 10 | 10.6
Armour         | 2 5 10 12 | 12.2
Evocations     | 5 |  5.0
Short Blades   | 4 5 6 7 |  7.0
Long Blades    | 6 12 13 | 13.3
Summonings     | 1 |  1.4
Ice Magic      | 2 13 14 | 14.3
Spellcasting   | 6 |  6.0
Conjurations   | 4 |  4.4

Action                   |  1- 3 |  4- 6 |  7- 9 | 10-12 | 13-15 | 16-18 || total
-------------------------+-------+-------+-------+-------+-------+-------++-------
Melee: Short sword       |    10 |    13 |       |       |       |       ||    23
       Unarmed           |       |    89 |    26 |       |       |       ||   115
       Rapier            |       |    17 |   309 |  1285 |  1227 |       ||  2838
       Punch             |       |       |     7 |    25 |    41 |    21 ||    94
       Demon blade       |       |       |       |       |  1127 |   807 ||  1934
       Great sword       |       |       |       |       |     8 |    41 ||    49
Throw: Dart              |       |       |       |     5 |     3 |       ||     8
       Throwing net      |       |       |       |       |     1 |       ||     1
 Cast: Sting             |    49 |    31 |    39 |    90 |   101 |       ||   310
       Spider Form       |       |    11 |     4 |       |       |       ||    15
       Wereblood         |       |       |       |     4 |    19 |       ||    23
       Ozocubu's Armour  |       |       |       |       |       |     1 ||     1
Invok: Call Merchant     |       |       |     1 |     1 |     2 |       ||     4
 Abil: Evoke Blink       |       |       |       |       |     1 |       ||     1
Evoke: Piece from Xom's  |       |     1 |     2 |     3 |       |       ||     6
       Wand              |       |       |    14 |     6 |    22 |    34 ||    76
       Phantom mirror    |       |       |       |       |     2 |     2 ||     4
       Box of beasts     |       |       |       |       |     2 |     2 ||     4
  Use: Scroll            |       |     8 |     8 |     8 |    13 |     6 ||    43
       Potion            |       |     1 |     1 |     6 |     3 |     2 ||    13
 Stab: Sleeping          |       |       |     2 |     2 |       |       ||     4
       Petrified         |       |       |     7 |       |       |       ||     7
       Distracted        |       |       |       |     1 |    14 |     5 ||    20
       Paralysed         |       |       |       |     9 |       |       ||     9
       Invisible         |       |       |       |     4 |     3 |       ||     7
       Held in net/web   |       |       |       |       |     1 |       ||     1
       Petrifying        |       |       |       |       |       |     1 ||     1
Armor: Robe              |     7 |     4 |       |       |       |       ||    11
       Skin              |       |    12 |     9 |       |       |       ||    21
       Troll leather arm |       |     1 |   144 |   383 |    43 |       ||   571
       Scale mail        |       |       |       |       |   833 |       ||   833
       Ice dragon scales |       |       |       |       |    87 |       ||    87
       Fire dragon scale |       |       |       |       |   213 |   531 ||   744
Dodge: Dodged            |    29 |   111 |   182 |   574 |  1178 |   560 ||  2634
